 Dungeon Crawl Stone Soup version 0.20.0-8-g6b59dc7 (webtiles) character file.

596976 Ijustatesigmund the Scorcher (level 27, -27/261 HPs)
             Began as a Hill Orc Fighter on May 30, 2017.
             Was the Champion of Cheibriados.
             Killed from afar by a Hell Sentinel (44 damage)
             ... with damnation
             ... on level 12 of a ziggurat on May 31, 2017.
             The game lasted 04:32:09 (52954 turns).

Ijustatesigmund the Scorcher (Hill Orc Fighter)    Turns: 52954, Time: 04:32:11

Health: -27/261    AC: 34    Str: 42    XL:     27
Magic:  32/37      EV: 25    Int: 29    God:    Cheibriados [******]
Gold:   2017       SH: 36    Dex: 28    Spells: 9/41 levels left

rFire    + . .     SeeInvis .   L - +9 broad axe (elec)
rCold    + . .     Gourm    .   X - +8 large shield {reflect}
rNeg     . . .     Faith    .   Z - +7 Kryia's mail coat {PotionHeal*2 rC+}
rPois    .         Spirit   .   b - +1 helmet "Xijy" {rElec Stlth+}
rElec    +         Reflect  +   c - scarf {repulsion}
rCorr    .         Harm     .   s - +0 pair of gloves "Datotog" {rF+}
MR       ++...                  x - +1 pair of boots
Stlth    ++++......             j - amulet of Vitality {Regen+ HP+15}
Regen    1.0/turn               u - ring "Dogoi" {*Drain +Fly Str+4 Dex+2 Slay+5}
MPRegen  0.3/turn               J - ring of Robustness {AC+8}

@: repel missiles, very slow
A: thin metallic scales 1, clumsy 1, wild magic 1
}: 3/15 runes: serpentine, barnacled, silver
a: Bend Time, Temporal Distortion, Slouch, Step From Time, Renounce Religion,
Evoke Flight


You were on level 12 of a ziggurat.
You worshipped Cheibriados.
Cheibriados was exalted by your worship.
You were not hungry.

You visited 8 branches of the dungeon, and saw 44 of its levels.
You visited the Abyss 1 time.
You visited 1 ziggurat, and saw 12 of its levels.
You also visited: Labyrinth, Ice Cave and Wizlab.

You collected 6695 gold pieces.
You spent 4678 gold pieces at shops.

Inventory:

Hand Weapons
 K - the +10 morningstar "Eos" {elec, Halo rElec}
   (You found it on level 3 of the Elven Halls)

   Occasionally, upon striking a foe, it will discharge some electrical energy
   and cause terrible harm.
   It insulates you from electricity.
 L - a +9 broad axe of electrocution (weapon)
Missiles
 G - 14 silver javelins (quivered)
 Q - 32 poisoned javelins
Armour
 b - the +1 helmet "Xijy" (worn) {rElec Stlth+}
   (You acquired it on level 1 of the Lair of Beasts)

   It insulates you from electricity.
   It makes you more stealthy.
 c - a scarf of repulsion (worn)
 s - the +0 pair of gloves "Datotog" (worn) {rF+}
   (You found it on level 5 of the Dungeon)

   It protects you from fire.
 x - a +1 pair of boots (worn)
 C - +0 fire dragon scales
 X - a +8 large shield of reflection (worn)
 Z - the +7 Kryia's mail coat (worn) {PotionHeal*2 rC+}
   (You found it in a labyrinth)

   It protects you from cold.
Jewellery
 a - an uncursed ring of protection from magic
 i - the ring of Wahuol {rF+ AC+4 Str+2 Dex+3}
   (You found it on level 11 of a ziggurat)

   [ring of protection]

   It affects your AC (+4).
   It affects your strength (+2).
   It affects your dexterity (+3).
   It protects you from fire.
 j - the amulet of Vitality (around neck) {Regen+ HP+15}
   (You bought it in a shop on level 3 of the Snake Pit)

   [amulet of regeneration]

   It affects your health (+15).
   It increases your rate of regeneration.
 l - an uncursed ring of positive energy
 u - the ring "Dogoi" (left hand) {*Drain +Fly Str+4 Dex+2 Slay+5}
   (You bought it in a shop on level 3 of the Snake Pit)

   [ring of dexterity]

   It affects your strength (+4).
   It affects your dexterity (+2).
   It affects your accuracy and damage with ranged weapons and melee attacks
   (+5).
   It lets you fly.
   It causes draining when unequipped.
 z - an uncursed ring of ice
 F - the ring of Phasing {EV+8}
   (You found it on level 5 of a ziggurat)

   [ring of evasion]

   It affects your evasion (+8).
 J - the ring of Robustness (right hand) {AC+8}
   (You found it on level 7 of the Dungeon)

   [ring of protection]

   It affects your AC (+8).
 N - an uncursed ring of wizardry
Wands
 o - a wand of acid (14/15)
 r - a wand of scattershot (6/9)
 y - a wand of clouds (7/9)
 R - a wand of digging (17/24)
 W - a wand of iceblast (4/15)
Scrolls
 d - 5 scrolls of identify
 m - 7 scrolls of recharging
 q - 28 scrolls of teleportation
 t - 2 scrolls of amnesia
 w - a scroll of brand weapon
 D - 6 scrolls of magic mapping
 O - 6 scrolls of immolation
 P - 6 scrolls of blinking
 S - 10 scrolls of fog
 T - 21 scrolls of remove curse
 V - 5 scrolls of fear
 Y - 2 scrolls of silence
Potions
 e - 8 potions of brilliance
 g - 3 potions of cancellation
 n - 6 potions of might
 p - 5 potions of curing
 v - 2 potions of resistance
 A - 4 potions of agility
 B - a potion of heal wounds
 M - 8 potions of flight
 U - 2 potions of magic
Miscellaneous
 H - a lamp of fire
 I - 5 phantom mirrors
Comestibles
 f - 26 bread rations
 h - 25 royal jellies
 k - 12 meat rations


   Skills:
 + Level 19.8 Fighting
   Level 4.1 Long Blades
 - Level 15.7(18.7) Axes
 - Level 15.0(16.9) Maces & Flails
 - Level 9.7 Throwing
 + Level 15.7 Armour
 - Level 14.4 Dodging
 - Level 6.6 Stealth
 + Level 19.4 Shields
 - Level 7.5 Spellcasting
 - Level 9.3 Conjurations
 - Level 8.6 Hexes
 - Level 8.0 Summonings
 - Level 8.8 Translocations
 - Level 20.7 Fire Magic
 + Level 20.3 Invocations
 - Level 4.0 Evocations


You had 9 spell levels left.
You knew the following spells:

 Your Spells              Type           Power        Failure   Level  Hunger
a - Apportation           Tloc           ######       1%          1    None
b - Blink                 Tloc           N/A          1%          2    None
c - Summon Butterflies    Summ           ######..     1%          1    None
d - Lesser Beckoning      Tloc           ######....   2%          3    None
e - Portal Projectile     Hex/Tloc       ######       2%          3    None
f - Sticky Flame          Conj/Fire      #######.     1%          4    ##.....
g - Inner Flame           Hex/Fire       #######.     1%          3    None
h - Ignition              Fire           ########..   26%         8    #######
i - Spellforged Servitor  Conj/Summ      ######....   99%         7    #######


Dungeon Overview and Level Annotations

Branches:
Dungeon (15/15)            Temple (0/1) D:6            Lair (6/6) D:8
 Shoals (4/4) Lair:2        Snake (4/4) Lair:3        Slime (0/5) Lair:6
    Orc (2/2) D:9             Elf (3/3) Orc:2        Vaults (5/5) D:13
  Crypt (0/3) Vaults:3     Depths (5/5) D:15
    Zot: Depths:5

Altars:
Cheibriados
Dithmenos
Hepliaklqana
Qazlal
Sif Muna
Vehumet
Xom
Yredelemnul
Zin

Shops:
D:4 *   D:12 }   Orc:2 =[!}   Elf:1 *   Snake:3 =}=   Vaults:1 ?   Vaults:2 ?
Vaults:3 }   Vaults:4 [   Vaults:5 ?!?!??%%   Depths:1 [   Depths:3 [
Depths:4 =

Portals:
Hell: Depths:1 Depths:2 Depths:3 Depths:4
Abyss: Depths:4
Pandemonium: Depths:3 Depths:4

Annotations:
Lair:2 exclusion: oklob plant


Innate Abilities, Weirdness & Mutations

You are partially covered in thin metallic scales. (AC +2)
You are clumsy. (Dex -2)
Your spells are a little harder to cast, but a little more powerful.


Message History

The +7 Kryia's mail coat enhances the healing.
You feel better. The tormentor gestures at you.
You resist with almost no effort.
The tormentor calls on the powers of darkness!
Your body is wracked with pain!
* * * LOW HITPOINT WARNING * * *
The tormentor gestures at you. You resist with almost no effort.
The tormentor calls on the powers of darkness!
Your body is wracked with pain!
* * * LOW HITPOINT WARNING * * *
2 iron imps and a zombie come into view.
You can feel time thicken for a moment.
You kill the tormentor!
Cheibriados appreciates the change of pace.
You feel somewhat more hungry. The Hell Sentinel gestures at you.
The sphere of damnation explodes!
The damnation engulfs you!
You die...

▓▓▓▓▓▓▓▓▓
........▓▓
.........▓▓
h.........▓▓
..52.......▓▓
94.....@....▓▓
21###........▓▓
Z.#P#.......∩.▓
..###........▓▓
5...........▓▓
...........▓▓
..........▓▓
.........▓▓
....▓


You could see a Hell Sentinel, a war gargoyle (wandering), a rust devil
(wandering), 2 tormentors, a hell hound (wandering), 2 iron imps and a storm
dragon zombie (wandering).

Vanquished Creatures
  Mara (Depths:1)
  An ancient lich (Vaults:4)
  Sojobo (Depths:3)
  Saint Roka (Vaults:2)
  Nikola (Shoals:1)
  A bone dragon (Zig:8)
  Jory (Vaults:3)
  3 golden dragons
  A pearl dragon (Depths:4)
  The ghost of 100P the Warrior, an adept MiFi of Makhleb (Vaults:5)
  Jorgrun (Shoals:4)
  4 tentacled monstrosities
  An iron giant (Zig:4)
  2 liches
  3 deep elf blademasters
  2 quicksilver dragons (Vaults:5)
  Asterion (Elf:1)
  6 titans
  6 sphinxes
  Gastronok (Lair:1)
  3 tentacled starspawn
  6 storm dragons
  A thorn hunter (Zig:9)
  10 tengu reavers
  8 nagarajas
  Kirke (Lair:4)
  5 shadow dragons
  Ilsuiw (Shoals:4)
  12 fire giants
  3 daevas (Depths:4)
  An iron dragon (Depths:2)
  16 frost giants
  7 deep elf sorcerers
  An orc warlord (Orc:2)
  16 vault wardens
  Aizul (Vaults:3)
  6 deep elf elementalists
  Louise (Shoals:1)
  22 very ugly things
  3 war gargoyles
  12 ironheart preservers
  27 stone giants
  3 angels (Depths:4)
  A corrupter (Zig:7)
  A reaper (Depths:4)
  3 entropy weavers
  13 deep elf demonologists
  A dire elephant (shapeshifter) (Zig:5)
  13 deep elf annihilators
  8 statues (WizLab)
  12 purple draconians (WizLab)
  2 merfolk javelineers (Shoals:4)
  A green death (Zig:9)
  11 ettins
  A jiangshi (Vaults:3)
  5 fire dragons
  10 deep elf death magi
  9 merfolk impalers
  20 yaktaur captains
  A minotaur (Lab)
  25 vault guards
  A deep elf high priest (Vaults:5)
  Fannar (D:12)
  2 great orbs of eyes (shapeshifter)
  Harold (D:10)
  8 rakshasas
  12 ice dragons
  9 great orbs of eyes
  3 spriggan air magi (Depths:2)
  14 hydras
  25 naga warriors
  4 death knights
  2 catoblepae
  3 merfolk avatars
  8 centaur warriors
  Erica (D:9)
  3 alligators (Zig:10)
  10 anacondas
  59 two-headed ogres
  7 deep troll shamans
  6 tengu warriors
  29 dancing weapons
  6 merfolk aquamancers
  3 alligator snapping turtles
  18 ogre magi
  2 vampire magi
  10 deep troll earth magi
  A satyr (Shoals:2)
  2 hell hogs (Depths:1)
  4 orc high priests
  17 naga sharpshooters
  7 shock serpents
  12 deep elf knights
  10 spriggan berserkers
  3 thrashing horrors
  3 iron trolls
  2 fire crabs (shapeshifter)
  20 hell knights
  2 skeletal warriors
  2 wretched stars
  A soul eater (Depths:3)
  3 shadow wraiths
  5 unseen horrors
  2 spatial maelstroms
  3 salamander mystics
  6 cherubim (Depths:4)
  6 glowing orange brains
  18 sea snakes
  An iron troll (shapeshifter) (Zig:5)
  Pikel (D:9)
  10 wizards
  A flayed ghost (Vaults:2)
  2 spriggan druids
  10 naga ritualists
  5 swamp dragons
  20 deep trolls
  17 ironbrand convokers
  21 deep elf archers
  A harpy (shapeshifter) (Vaults:4)
  14 necromancers
  5 phantasmal warriors
  13 orc knights
  23 harpies
  6 orc sorcerers
  7 wolf spiders
  95 deep elf magi
  7 manticores
  44 ugly things
  22 slime creatures
  7 cyclopes
  3 elephants (Lair:6)
  10 mana vipers
  14 fauns
  9 salamanders
  A stone giant skeleton (Vaults:4)
  A salamander (shapeshifter) (Depths:3)
  7 merfolk sirens
  7 water nymphs
  Joseph (D:9)
  3 apocalypse crabs (Zig:5)
  31 naga magi
  A black mamba (shapeshifter) (Vaults:2)
  7 guardian serpents
  48 black mambas
  4 gargoyles
  20 vault sentinels
  4 torpor snails (Lair:4)
  2 ice statues
  A rust devil (Depths:3)
  4 smoke demons
  11 spiny frogs
  A kobold demonologist (D:9)
  67 yaktaurs
  2 tormentors
  5 rime drakes
  8 komodo dragons
  A yaktaur (shapeshifter) (Vaults:4)
  7 freezing wraiths
  A komodo dragon (shapeshifter) (Vaults:4)
  A guardian mummy (Zig:1)
  A tengu conjurer (Depths:4)
  4 efreet
  2 ancient zymes (Abyss:2)
  2 jumping spiders (shapeshifter)
  A harpy zombie (D:14)
  A queen bee (shapeshifter) (Vaults:3)
  Grinder (D:4)
  2 trolls (shapeshifter) (Vaults:4)
  4 trolls
  23 hornets
  A tyrant leech (Zig:10)
  A wind drake (Shoals:4)
  23 polar bears
  37 merfolk
  2 bog bodies (Zig:10)
  A hornet (shapeshifter) (Zig:8)
  15 dream sheep
  A raiju (Zig:8)
  8 blink frogs
  9 snapping turtles
  17 hippogriffs
  A snapping turtle (shapeshifter) (Depths:1)
  2 hippogriffs (shapeshifter)
  A redback (shapeshifter) (Depths:2)
  A stone giant simulacrum (Vaults:1)
  A centaur simulacrum (D:14)
  A tarantella (shapeshifter) (Elf:3)
  2 tarantellas
  A hog (Lair:4)
  5 wraiths
  20 spriggans
  2 shadows (D:12)
  62 yaks
  10 redbacks
  19 water elementals
  4 wyverns
  An ushabti (Zig:1)
  10 air elementals
  7 basilisks
  3 fire elementals
  A wyvern (shapeshifter) (Vaults:3)
  2 chaos spawn (Zig:7)
  The ghost of MDvedh the Chopper, an amateur HOSk (D:3)
  A human (shapeshifter) (Depths:3)
  3 hungry ghosts
  A spatial vortex (Zig:8)
  6 vampire mosquitoes
  2 neqoxecs
  A steam dragon (shapeshifter) (Vaults:1)
  A deep troll zombie (Vaults:4)
  An insubstantial wisp (Zig:9)
  A soldier ant (D:14)
  4 wargs
  68 nagas
  9 hell hounds (Depths:1)
  2 acid dragons (Vaults:2)
  4 large abominations
  Duvessa (D:4)
  9 porcupines
  16 water moccasins
  A slave (D:9)
  38 orc warriors
  7 swamp drakes
  6 ice beasts
  A phantom (D:5)
  An eye of draining (D:12)
  3 necrophages
  11 sky beasts
  8 black bears
  3 ettin simulacra (Depths:3)
  22 boggarts
  41 ogres
  30 wolves
  An elf zombie (Vaults:4)
  16 centaurs
  15 crocodiles
  2 big kobolds
  16 bullfrogs
  2 earth elementals (Elf:2)
  A gnoll sergeant (D:9)
  7 small abominations
  Dowan (D:4)
  A wyvern skeleton (D:13)
  5 scorpions
  7 killer bees
  7 wights
  12 howler monkeys
  2 electric eels
  10 crimson imps
  27 starcursed masses
  3 centaur zombies
  6 hounds
  20 jellies
  Crazy Yiuf (D:6)
  22 orc priests
  2 bullfrog skeletons
  A gnoll shaman (D:4)
  11 centaur skeletons
  33 orc wizards
  9 iguanas
  11 worker ants
  A mummy (Zig:1)
  2 worker ant zombies
  Robin (D:3)
  14 gnolls
  11 adders
  4 shadow imps
  An ufetubus (Depths:4)
  8 oozes
  An adder skeleton (D:9)
  2 worms
  2 dart slugs
  6 leopard geckos
  134 orcs
  7 bats
  3 giant cockroaches
  9 goblins
  8 hobgoblins
  14 jackals
  10 kobolds
  7 quokkas
  A ball python (D:3)
  5 frilled lizards
  A jackal skeleton (D:8)
  A leopard gecko zombie (D:7)
  A quokka zombie (D:6)
  7 rats
  12 crawling corpses
  2 fungi
  7 plants
  8 starspawn tentacles
  A withered plant (D:12)
2489 creatures vanquished.

Vanquished Creatures (collateral kills)
  An orc priest (D:12)
  An orc (D:12)
2 creatures vanquished.

Vanquished Creatures (others)
  2 deep elf master archers (Elf:3)
  A frost giant (Depths:3)
  An ironheart preserver (Vaults:3)
  3 stone giants
  2 deep elf annihilators
  A statue (WizLab)
  3 merfolk javelineers (Shoals:4)
  5 yaktaur captains
  2 centaur warriors
  5 satyrs
  A hell hog (Depths:1)
  A naga sharpshooter (Snake:1)
  5 deep elf archers
  3 deep elf magi
  A faun (Shoals:4)
  6 cyclopes
  A naga mage (Snake:4)
  23 yaktaurs
  2 merfolk
  An air elemental (Depths:2)
  4 humans (Lair:4)
  A naga (Zig:11)
  5 orc warriors
  3 slaves (D:9)
  A wolf (IceCv)
  4 ogres
  5 centaurs
  An iguana (D:9)
  2 adders (D:9)
  An ooze (shapeshifter) (Vaults:5)
  A bush (Shoals:2)
  8 fungi (Lair:6)
  76 plants
  4 starspawn tentacles
185 creatures vanquished.

Grand Total: 2676 creatures vanquished

Notes
Turn   | Place    | Note
-------+----------+-------------------------------------------
     0 | D:1      | Ijustatesigmund the Hill Orc Fighter began the quest for the Orb.
     0 | D:1      | Reached XP level 1. HP: 19/19 MP: 1/1
   197 | D:1      | Reached XP level 2. HP: 27/27 MP: 2/2
   693 | D:1      | Reached XP level 3. HP: 33/33 MP: 3/3
   955 | D:2      | Found a faded altar of an unknown god.
  1189 | D:2      | Reached XP level 4. HP: 41/41 MP: 4/4
  1311 | D:3      | Noticed MDvedh's ghost (amateur HOSk)
  1321 | D:3      | Reached skill level 5 in Axes
  1338 | D:3      | Killed MDvedh's ghost
  1338 | D:3      | Reached skill level 5 in Fighting
  1338 | D:3      | Reached XP level 5. HP: 35/48 MP: 5/5
  1339 | D:3      | Reached XP level 6. HP: 41/56 MP: 6/6
  1370 | D:3      | Gained mutation: You are clumsy. (Dex -2) [potion of mutation]
  1370 | D:3      | Gained mutation: You are partially covered in thin metallic scales. (AC +2) [potion of mutation]
  1370 | D:3      | Gained mutation: Your spells are a little harder to cast, but a little more powerful. [potion of mutation]
  1491 | D:3      | Found a stormy altar of Qazlal.
  1494 | D:3      | Found a snail-covered altar of Cheibriados.
  1498 | D:3      | Became a worshipper of Cheibriados the Contemplative
  1502 | D:3      | Found a radiant altar of Vehumet.
  2046 | D:4      | Noticed Robin
  2057 | D:3      | Killed Robin
  2167 | D:4      | Reached * piety under Cheibriados
  2167 | D:4      | Reached skill level 1 in Invocations
  2242 | D:4      | Reached skill level 1 in Dodging
  2423 | D:4      | Reached XP level 7. HP: 62/62 MP: 8/8
  2430 | D:4      | Found Wofi's Assorted Antiques.
  2438 | D:4      | Bought a scroll labeled FUCZEJ MOCHESS for 22 gold pieces
  2438 | D:4      | Bought a scroll of teleportation for 66 gold pieces
  2460 | D:4      | Noticed Duvessa
  2461 | D:4      | Noticed Dowan
  2478 | D:4      | Killed Duvessa
  2484 | D:5      | Entered Level 5 of the Dungeon
  2509 | D:4      | Killed Dowan
  2549 | D:4      | Noticed Grinder
  2737 | D:4      | Killed Grinder
  2737 | D:4      | Reached ** piety under Cheibriados
  2737 | D:4      | Reached XP level 8. HP: 61/70 MP: 9/11
  3126 | D:4      | Reached skill level 5 in Shields
  3309 | D:4      | Reached skill level 5 in Armour
  3535 | D:5      | Got a pair of distressingly furry gloves
  3541 | D:5      | Identified the cursed +0 pair of gloves "Datotog" {rF+} (You found it on level 5 of the Dungeon)
  3796 | D:5      | Reached skill level 5 in Invocations
  4346 | D:6      | Reached *** piety under Cheibriados
  4389 | D:6      | Got a shimmering glass ring
  4415 | D:6      | Reached XP level 9. HP: 75/75 MP: 13/13
  4799 | D:6      | Found a runed door.
  4803 | D:6      | Noticed Crazy Yiuf
  4809 | D:6      | Killed Crazy Yiuf
  4871 | D:6      | Found a staircase to the Ecumenical Temple.
  4943 | D:7      | Reached **** piety under Cheibriados
  5165 | D:7      | Noticed a gargoyle
  5187 | D:7      | Killed a gargoyle
  5187 | D:7      | Reached skill level 5 in Dodging
  5194 | D:7      | Reached XP level 10. HP: 32/83 MP: 16/16
  5272 | D:7      | Identified the ring of Spring {rF- Str+3 Int+5 Dex+4} (You took it off an orc on level 6 of the Dungeon)
  5287 | D:7      | Identified the Catalogue of Flames
  5654 | D:7      | Found a hazy altar of Hepliaklqana.
  5772 | D:7      | Reached ***** piety under Cheibriados
  6146 | D:7      | Found a deep blue altar of Sif Muna.
  6274 | D:8      | Found a staircase to the Lair.
  6277 | D:8      | Identified a scroll of acquirement
  6524 | D:8      | Got a twitching silver ring
  6574 | D:8      | Identified the ring "Cyed" {Str+4 Dex-2 SInv} (You found it on level 8 of the Dungeon)
  6762 | D:8      | Noticed a two-headed ogre
  6772 | D:8      | Killed a two-headed ogre
  6897 | D:9      | Noticed a purple ugly thing
  6910 | D:9      | Killed a purple ugly thing
  6910 | D:9      | Reached skill level 10 in Invocations
  6983 | D:9      | Noticed Erica
  6988 | D:9      | Killed Erica
  6988 | D:9      | Reached XP level 11. HP: 46/93 MP: 18/18
  7117 | D:9      | Noticed Pikel
  7131 | D:9      | Killed Pikel
  7146 | D:9      | Got a faintly glowing quarterstaff {crush}
  7189 | D:9      | Found a staircase to the Orcish Mines.
  7404 | D:9      | Noticed Joseph
  7422 | D:9      | Killed Joseph
  7668 | D:9      | Noticed a two-headed ogre
  7671 | D:9      | Killed a two-headed ogre
  7774 | D:9      | Reached ****** piety under Cheibriados
  7850 | D:9      | Noticed a soul eater
  7853 | D:9      | Reached skill level 10 in Axes
  7894 | D:10     | Entered Level 10 of the Dungeon
  8029 | D:10     | Noticed Harold
  8034 | D:10     | Noticed a two-headed ogre
  8036 | D:10     | Killed a two-headed ogre
  8044 | D:10     | Killed Harold
  8044 | D:10     | Reached skill level 10 in Fighting
  8044 | D:10     | Reached skill level 1 in Spellcasting
  8432 | D:11     | Noticed a death knight
  8433 | D:11     | Noticed a skeletal warrior
  8434 | D:11     | Noticed a phantasmal warrior
  8692 | D:11     | Noticed a purple ugly thing
  8698 | D:11     | Killed a purple ugly thing
  8723 | D:10     | Killed a phantasmal warrior
  8723 | D:10     | Reached XP level 12. HP: 50/105 MP: 19/19
  9102 | D:11     | Noticed a seven-headed hydra
  9112 | D:11     | Killed a one-headed hydra
  9337 | D:11     | Got a brightly glowing steel amulet
  9477 | D:12     | Found Vyclicar's Gadget Emporium.
  9487 | D:12     | Killed a death knight
  9682 | D:12     | Noticed Fannar
  9689 | D:12     | Killed Fannar
  9829 | D:11     | You fall through a shaft for 2 floors!
 10257 | D:12     | Identified the amulet of Lestrias {Spirit *Contam +Fly rPois Stlth+} (You found it on level 11 of the Dungeon)
 10390 | D:12     | Noticed a two-headed ogre
 10393 | D:12     | Killed a two-headed ogre
 10393 | D:12     | Reached XP level 13. HP: 111/118 MP: 22/22
 11156 | D:13     | Found a shadowy altar of Dithmenos.
 11214 | D:13     | Reached skill level 10 in Shields
 11344 | D:13     | Found a gate to the Vaults.
 11493 | D:13     | Got a faintly glowing robe
 11504 | D:13     | Identified the +0 robe of the Ecumenical Temple {rF+} (You found it on level 13 of the Dungeon)
 11746 | Lair:1   | Entered Level 1 of the Lair of Beasts
 11770 | Lair:1   | Learned a level 1 spell: Apportation
 11796 | Lair:1   | Learned a level 2 spell: Blink
 11830 | Lair:1   | Reached skill level 1 in Translocations
 12239 | Lair:1   | Learned a level 1 spell: Summon Butterflies
 12342 | Lair:1   | Noticed Gastronok
 12355 | Lair:1   | Killed Gastronok
 12431 | Lair:1   | Found a hazy altar of Hepliaklqana.
 12813 | Lair:1   | Found a shimmering altar of Xom.
 12973 | Lair:1   | Reached XP level 14. HP: 127/127 MP: 23/23
 13575 | Lair:2   | Found a frozen archway.
 13592 | IceCv    | Entered an ice cave
 13811 | IceCv    | Reached skill level 5 in Summonings
 13888 | IceCv    | Reached skill level 5 in Translocations
 13910 | IceCv    | Noticed a frost giant
 13927 | IceCv    | Killed a frost giant
 14724 | Lair:2   | Found a staircase to the Shoals.
 14906 | Lair:3   | Learned a level 3 spell: Lesser Beckoning
 15169 | Lair:3   | Got a heavy robe
 15180 | Lair:3   | Identified the +1 robe "Jismo" {rC+ Dex+5 Stlth+} (You found it on level 3 of the Lair of Beasts)
 15341 | Lair:3   | Found a staircase to the Snake Pit.
 16167 | Lair:4   | Noticed Kirke
 16169 | Lair:4   | Noticed a sphinx
 16177 | Lair:4   | Killed Kirke
 16242 | Lair:4   | Found a snail-covered altar of Cheibriados.
 17276 | Lair:6   | Entered Level 6 of the Lair of Beasts
 17303 | Lair:6   | Reached XP level 15. HP: 134/134 MP: 24/24
 17418 | Lair:6   | Reached skill level 5 in Spellcasting
 17421 | Lair:6   | Found a basalt altar of Yredelemnul.
 17573 | Lair:1   | Got a translucent helmet
 17579 | Lair:1   | Identified the +1 helmet "Xijy" {rElec Stlth+} (You acquired it on level 1 of the Lair of Beasts)
 17778 | Lair:6   | Found a staircase to the Slime Pits.
 17845 | Lair:6   | Reached skill level 10 in Armour
 18144 | Lair:6   | Paralysed by a hornet for 2 turns
 18845 | Orc:1    | Entered Level 1 of the Orcish Mines
 19269 | Orc:2    | Entered Level 2 of the Orcish Mines
 19270 | Orc:2    | Found a labyrinth entrance.
 19279 | Lab      | Entered a labyrinth
 19735 | Lab      | Identified Taez's Collected Works on Fiery Combat Magic
 20045 | Orc:2    | Found a staircase to the Elven Halls.
 20350 | Orc:2    | Found Xale's Gadget Boutique.
 20350 | Orc:2    | Found Ytte's Jewellery Shoppe.
 20352 | Orc:2    | Found Xojuhy's Distillery.
 20352 | Orc:2    | Found Ujiev's Antique Armour Shoppe.
 20360 | Orc:2    | Bought a potion of heal wounds for 70 gold pieces
 20638 | Orc:2    | Bought a fine troll leather armour for 540 gold pieces
 20654 | Orc:2    | Identified the +1 troll leather armour "Tycsiur" {rElec Regen+ Str+4} (You bought it in a shop on level 2 of the Orcish Mines)
 20726 | Orc:2    | Noticed an orc warlord
 20734 | Orc:2    | Killed an orc warlord
 20902 | D:13     | Reached XP level 16. HP: 140/140 MP: 25/25
 22159 | D:15     | Entered Level 15 of the Dungeon
 22814 | D:15     | Found a staircase to the Depths.
 23213 | Elf:1    | Entered Level 1 of the Elven Halls
 23320 | Elf:1    | Noticed Asterion
 23340 | Elf:1    | Killed Asterion
 23491 | Elf:1    | Cast into level 2 of the Abyss (a deep elf demonologist)
 23502 | Abyss:2  | Noticed a tentacled starspawn
 23509 | Abyss:2  | Killed a tentacled starspawn
 23606 | Abyss:2  | Noticed a tentacled starspawn
 23614 | Abyss:2  | Killed a tentacled starspawn
 23614 | Abyss:2  | Reached XP level 17. HP: 132/147 MP: 26/26
 23648 | Elf:1    | Escaped the Abyss
 23699 | Elf:1    | Noticed a Tzitzimitl
 23895 | Elf:2    | Noticed a deep elf blademaster
 23975 | Elf:2    | Found a magical portal.
 23984 | WizLab   | Entered Iskenderun's Mystic Tower
 24031 | WizLab   | Reached skill level 15 in Shields
 24247 | WizLab   | Reached skill level 10 in Dodging
 24260 | WizLab   | Reached skill level 1 in Throwing
 24369 | WizLab   | Reached skill level 1 in Stealth
 25066 | WizLab   | Identified Hateuz's Collected Works on Displaced Changing
 25115 | WizLab   | Identified Iskenderun's Tome of Conjuration
 25115 | WizLab   | Identified Iskenderun's Volume of Combat Magic
 25286 | Elf:2    | Reached skill level 5 in Throwing
 25405 | Elf:2    | Reached XP level 18. HP: 146/155 MP: 27/27
 25492 | Elf:2    | Found a runed gate.
 25492 | Elf:2    | Found a runed gate.
 25492 | Elf:2    | Found a runed gate.
 25529 | Elf:2    | Reached skill level 5 in Stealth
 25761 | Elf:2    | Killed a deep elf blademaster
 26391 | Snake:1  | Entered Level 1 of the Snake Pit
 27386 | Snake:1  | Reached skill level 15 in Axes
 28195 | Elf:1    | Found Vegaizae's General Store.
 28203 | Elf:1    | Bought a scroll of enchant armour for 142 gold pieces
 28203 | Elf:1    | Bought a scroll of teleportation for 57 gold pieces
 28203 | Elf:1    | Bought a scroll of blinking for 142 gold pieces
 28203 | Elf:1    | Bought a scroll of holy word for 142 gold pieces
 28264 | Elf:3    | Entered Level 3 of the Elven Halls
 28310 | Elf:3    | Noticed a Brimstone Fiend
 28748 | Elf:3    | Paralysed by a floating eye for 4 turns
 28867 | Elf:3    | Reached XP level 19. HP: 167/167 MP: 29/29
 29538 | Elf:3    | Noticed a Tzitzimitl
 29543 | Elf:3    | Noticed a Hell Sentinel
 29562 | Elf:3    | Reached skill level 15 in Invocations
 29790 | Elf:3    | Got a sparkling ruby amulet
 29791 | Elf:3    | Identified the amulet "Laskaeng" {Gourm rPois rN+ Dex-3 SInv} (You found it on level 3 of the Elven Halls)
 29809 | Elf:3    | Identified the Disquisition on Fiery Flight
 30051 | Elf:3    | Reached skill level 1 in Maces & Flails
 30638 | Snake:2  | Reached skill level 5 in Maces & Flails
 31499 | Snake:4  | Entered Level 4 of the Snake Pit
 31695 | Snake:3  | Reached skill level 10 in Maces & Flails
 31798 | Snake:4  | Identified the cursed +1 chain mail of Grot {rPois Dex-3 SInv Stlth-} (You found it on level 4 of the Snake Pit)
 31895 | Snake:3  | Found Keshum's Jewellery Emporium.
 31895 | Snake:3  | Found Lauk's Gadget Shop.
 31897 | Snake:3  | Found Qoevaoq's Jewellery Emporium.
 31911 | Snake:3  | Bought the amulet of Vitality {Regen+ HP+15} for 1343 gold pieces
 31920 | Snake:3  | Bought the ring "Dogoi" {*Drain +Fly Str+4 Dex+2 Slay+5} for 606 gold pieces
 32023 | Snake:3  | Reached XP level 20. HP: 176/176 MP: 31/31
 33296 | Snake:4  | Reached skill level 15 in Maces & Flails
 33379 | Snake:4  | Got a serpentine rune of Zot
 33656 | Snake:4  | Reached skill level 15 in Fighting
 33945 | Shoals:1 | Entered Level 1 of the Shoals
 33997 | Shoals:1 | Noticed Nikola
 34005 | Shoals:1 | Killed Nikola
 34214 | Shoals:1 | Noticed Louise
 34224 | Shoals:1 | Killed Louise
 34933 | Shoals:2 | Reached XP level 21. HP: 187/187 MP: 33/33
 35030 | Shoals:2 | Reached skill level 1 in Evocations
 36056 | Shoals:4 | Entered Level 4 of the Shoals
 36056 | Shoals:4 | Noticed Jorgrun
 36125 | Shoals:4 | Killed Jorgrun
 36143 | Shoals:4 | Identified the +3 chain mail of Absence {rElec MR+ Int-4} (You found it on level 4 of the Shoals)
 36650 | Shoals:4 | Got a barnacled rune of Zot
 36652 | Shoals:4 | Noticed Ilsuiw
 36665 | Shoals:4 | Killed Ilsuiw
 37405 | Lair:1   | Learned a level 3 spell: Portal Projectile
 37410 | Lair:1   | Learned a level 4 spell: Sticky Flame
 37416 | Lair:1   | Learned a level 3 spell: Inner Flame
 37571 | Vaults:1 | Entered Level 1 of the Vaults
 37645 | Vaults:1 | Reached skill level 1 in Fire Magic
 37913 | Vaults:1 | Reached skill level 1 in Conjurations
 37971 | Vaults:1 | Reached skill level 5 in Fire Magic
 38246 | Vaults:1 | Reached XP level 22. HP: 195/195 MP: 34/34
 38348 | Vaults:1 | Reached skill level 1 in Hexes
 38596 | Vaults:1 | Reached skill level 5 in Conjurations
 38783 | Vaults:1 | Found Fugyokh's Magic Scroll Emporium.
 38791 | Vaults:1 | Bought a scroll of enchant armour for 105 gold pieces
 38791 | Vaults:1 | Bought a scroll of blinking for 105 gold pieces
 38791 | Vaults:1 | Bought a scroll of teleportation for 42 gold pieces
 38844 | Vaults:2 | Noticed Saint Roka
 38857 | Vaults:2 | Killed Saint Roka
 39295 | Vaults:2 | Found Uqon's Magic Scroll Shoppe.
 39336 | Vaults:2 | Bought a scroll of identify for 34 gold pieces
 39336 | Vaults:2 | Bought a scroll of identify for 34 gold pieces
 39336 | Vaults:2 | Bought a scroll of teleportation for 51 gold pieces
 39336 | Vaults:2 | Bought a scroll of enchant weapon for 127 gold pieces
 39336 | Vaults:2 | Bought a scroll of teleportation for 51 gold pieces
 39336 | Vaults:2 | Bought 3 scrolls of teleportation for 153 gold pieces
 39704 | Vaults:2 | Reached skill level 5 in Hexes
 40036 | Vaults:3 | Noticed Jory
 40056 | Vaults:3 | Killed Jory
 40297 | Vaults:3 | Noticed Aizul
 40316 | Vaults:3 | Killed Aizul
 40778 | Vaults:3 | Found a staircase to the Crypt.
 40811 | Vaults:3 | Found Qezolad's Gadget Shoppe.
 41085 | Vaults:3 | Reached XP level 23. HP: 202/202 MP: 35/35
 41535 | Vaults:4 | Paralysed by a sphinx for 5 turns
 41875 | Vaults:4 | Identified the +6 ring mail of Beogh's Benevolence {rC+ Int+2 Dex+2} (You found it on level 4 of the Vaults)
 42524 | Vaults:4 | Found Cyichetz's Armour Shop.
 42974 | Vaults:5 | Entered Level 5 of the Vaults
 42983 | Vaults:5 | Noticed an ancient lich
 43124 | Vaults:4 | Killed an ancient lich
 43185 | Vaults:5 | Noticed 100P's ghost (adept MiFi)
 43235 | Vaults:4 | Reached XP level 24. HP: 212/212 MP: 35/35
 43355 | Vaults:4 | Reached skill level 10 in Fire Magic
 43975 | Vaults:5 | Found Wydwobbe's Distillery.
 43975 | Vaults:5 | Found Giceugh's Magic Scroll Shoppe.
 44077 | Vaults:5 | Bought a potion of curing for 60 gold pieces
 44077 | Vaults:5 | Bought a potion of curing for 60 gold pieces
 44077 | Vaults:5 | Bought a potion of cancellation for 160 gold pieces
 44569 | Vaults:5 | Bought a scroll of enchant weapon for 157 gold pieces
 44569 | Vaults:5 | Bought 3 scrolls of teleportation for 189 gold pieces
 44569 | Vaults:5 | Bought a scroll of enchant armour for 157 gold pieces
 44569 | Vaults:5 | Bought a scroll of teleportation for 63 gold pieces
 44646 | Vaults:5 | Reached XP level 25. HP: 210/223 MP: 35/35
 44714 | Vaults:5 | Found Uxustiq's Magic Scroll Boutique.
 44726 | Vaults:5 | Got a silver rune of Zot
 44771 | Vaults:5 | Found Yvatilell's Magic Scroll Emporium.
 44782 | Vaults:5 | Found Olas's Food Emporium.
 44848 | Vaults:5 | Found Acsepn's Food Boutique.
 44872 | Vaults:5 | Found Vugew's Magic Scroll Shop.
 45095 | Vaults:5 | Killed 100P's ghost
 45224 | Vaults:5 | Found Vogg's Distillery.
 45420 | Vaults:5 | Identified Waustet's Compendium of Air
 45747 | Lair:1   | Learned a level 8 spell: Ignition
 45923 | Depths:1 | Entered Level 1 of the Depths
 46248 | Depths:1 | Noticed Mara
 46393 | Depths:1 | Noticed Ijustatesigmund's illusion
 46508 | Depths:1 | Noticed Ijustatesigmund's illusion
 46543 | Depths:1 | Killed Mara
 46842 | Depths:1 | Reached skill level 15 in Fire Magic
 47180 | Depths:1 | Found a gateway to Hell.
 47469 | Depths:1 | Found Estibbom's Antique Armour Boutique.
 48182 | Depths:2 | Reached XP level 26. HP: 209/231 MP: 35/35
 48667 | Depths:2 | Identified the +4 ring mail of Distant Worlds {rElec rPois rF-} (You found it on level 2 of the Depths)
 49082 | Depths:3 | Noticed Sojobo
 49167 | Depths:3 | Killed Sojobo
 49788 | Depths:3 | Found Soazusch's Armour Shoppe.
 49897 | Depths:3 | Found a one-way gate leading to the halls of Pandemonium.
 50434 | Depths:4 | Found a one-way gate to the infinite horrors of the Abyss.
 50657 | Depths:4 | Reached XP level 27. HP: 240/240 MP: 36/36
 50809 | Depths:4 | Found Lyatt's Jewellery Emporium.
 51149 | Depths:4 | Found a glowing silver altar of Zin.
 51727 | Depths:5 | Entered Level 5 of the Depths
 51727 | Depths:5 | Found a gateway to a ziggurat.
 51759 | Zig:1    | Entered Level 1 of a ziggurat
 51782 | Zig:2    | Entered Level 2 of a ziggurat
 51805 | Zig:3    | Entered Level 3 of a ziggurat
 51840 | Zig:4    | Entered Level 4 of a ziggurat
 51869 | Zig:5    | Entered Level 5 of a ziggurat
 51910 | Zig:5    | Identified The Last Secrets of Witchcraft
 51920 | Zig:5    | Learned a level 7 spell: Spellforged Servitor
 51933 | Zig:6    | Entered Level 6 of a ziggurat
 51972 | Zig:6    | Identified the +2 ring mail of the Sacrificial Victim {Str+2} (You found it on level 6 of a ziggurat)
 51981 | Zig:7    | Entered Level 7 of a ziggurat
 51995 | Zig:7    | Paralysed by accursed screaming for 2 turns
 52543 | Zig:7    | Got a bound iron ring
 52546 | Zig:7    | Identified the ring "Iwasy Ykloaps" {+Fly rPois rN+ Stlth-} (You found it on level 7 of a ziggurat)
 52566 | Zig:8    | Entered Level 8 of a ziggurat
 52588 | Zig:8    | Reached skill level 15 in Armour
 52597 | Zig:8    | Paralysed by accursed screaming for 2 turns
 52606 | Zig:8    | Paralysed by accursed screaming for 2 turns
 52630 | Zig:8    | Identified the cursed +0 robe "Gainuiti" {+Blink rElec Str+3} (You found it on level 8 of a ziggurat)
 52733 | Zig:9    | Entered Level 9 of a ziggurat
 52777 | Zig:9    | Identified the +1 pair of gloves of Spite {MR+ Str+2 Dex+2} (You found it on level 9 of a ziggurat)
 52823 | Zig:10   | Entered Level 10 of a ziggurat
 52888 | Zig:11   | Entered Level 11 of a ziggurat
 52937 | Zig:11   | Identified the ring of Wahuol {rF+ AC+4 Str+2 Dex+3} (You found it on level 11 of a ziggurat)
 52946 | Zig:12   | Entered Level 12 of a ziggurat
 52954 | Zig:12   | Killed from afar by a Hell Sentinel

Skill      XL: |  1  2  3  4  5  6  7  8  9 10 11 12 13 14 15 16 17 18 19 20 21 22 23 24 25 26 27 |
---------------+----------------------------------------------------------------------------------+-----
Axes           | 3 4 6 8 11 13 15 | 15.7
Fighting       | 4 5 7 10 12 14 15 16 17 18 19 | 19.8
Invocations    | 2 4 5 8 10 12 15 17 18 20 | 20.3
Dodging        | 1 2 3 5 8 10 12 14 | 14.4
Armour         | 4 5 7 8 13 14 15 | 15.7
Shields        | 4 5 7 8 11 14 15 17 18 19 | 19.4
Long Blades    | 4 |  4.1
Spellcasting   | 2 4 5 7 |  7.5
Translocations | 3 6 7 8 |  8.8
Summonings     | 3 7 8 |  8.0
Throwing       | 5 6 9 |  9.7
Stealth        | 4 5 6 |  6.6
Maces & Flails | 11 15 | 15.0
Evocations     | 4 |  4.0
Fire Magic     | 6 9 11 17 20 | 20.7
Conjurations   | 3 7 9 |  9.3
Hexes          | 5 8 |  8.6

Action                   |  1- 3 |  4- 6 |  7- 9 | 10-12 | 13-15 | 16-18 | 19-21 | 22-24 | 25-27 || total
-------------------------+-------+-------+-------+-------+-------+-------+-------+-------+-------++-------
Melee: War axe           |    99 |   153 |   327 |   118 |       |       |       |       |       ||   697
       Broad axe         |       |       |       |   369 |   864 |  1054 |   515 |   279 |  1065 ||  4146
       Scimitar          |       |       |       |     8 |    90 |       |       |       |       ||    98
       Morningstar       |       |       |       |       |       |       |   657 |   805 |   131 ||  1593
Throw: Tomahawk          |       |       |     2 |    11 |       |     2 |     3 |       |       ||    18
       Javelin           |       |       |       |       |       |       |     1 |    11 |    35 ||    47
 Cast: Blink             |       |       |       |       |     1 |     1 |     2 |     5 |     1 ||    10
       Summon Butterflie |       |       |       |       |       |       |     1 |     2 |       ||     3
       Apportation       |       |       |       |       |       |       |     2 |       |       ||     2
       Portal Projectile |       |       |       |       |       |       |       |     1 |     2 ||     3
       Lesser Beckoning  |       |       |       |       |       |       |       |     6 |       ||     6
       Sticky Flame      |       |       |       |       |       |       |       |     4 |       ||     4
       Ignition          |       |       |       |       |       |       |       |       |     4 ||     4
Invok: Slouch            |       |       |       |     1 |     4 |     4 |    14 |     9 |    15 ||    47
       Bend Time         |       |       |       |     1 |       |       |       |       |       ||     1
Evoke: Wand              |       |       |       |     1 |     3 |       |     5 |       |     2 ||    11
       Lamp of fire      |       |       |       |       |       |       |     1 |       |       ||     1
  Use: Scroll            |     6 |     2 |     4 |    15 |    10 |     8 |    15 |    16 |    14 ||    90
       Potion            |       |     7 |       |     1 |     5 |     2 |     5 |     9 |     9 ||    38
 Stab: Sleeping          |       |       |     5 |     2 |       |    12 |    11 |     5 |     7 ||    42
       Distracted        |       |       |       |     1 |     1 |     3 |     3 |     2 |     7 ||    17
       Petrified         |       |       |       |       |     3 |       |       |       |       ||     3
       Petrifying        |       |       |       |       |     1 |       |       |       |       ||     1
       Confused          |       |       |       |       |       |       |       |       |     3 ||     3
       Paralysed         |       |       |       |       |       |       |       |       |     1 ||     1
  Eat: Chunk             |       |     5 |     4 |     9 |     8 |       |    11 |     6 |     1 ||    44
       Fruit             |       |       |     4 |       |    23 |     6 |     2 |       |     9 ||    44
       Royal jelly       |       |       |     1 |       |       |     2 |     4 |     2 |     1 ||    10
       Bread ration      |       |       |     1 |       |       |     1 |       |       |     2 ||     4
       Meat ration       |       |       |       |       |       |       |       |     1 |     1 ||     2
Armor: Scale mail        |    43 |    78 |    37 |       |    33 |   287 |   201 |   165 |   276 ||  1120
       Ring mail         |       |       |    66 |   100 |       |       |       |       |       ||   166
       Chain mail        |       |       |       |    83 |   319 |       |       |       |       ||   402
Dodge: Dodged            |    37 |    50 |   107 |   210 |   292 |   477 |   398 |   385 |   520 ||  2476
       Deflected         |       |       |       |       |       |    48 |    68 |    34 |    36 ||   186
Block: Shield            |    57 |    86 |   206 |   363 |    50 |       |       |       |       ||   762
       Large shield      |       |       |       |       |  1196 |  1352 |  1775 |  1419 |  1732 ||  7474
       Reflection        |       |       |       |       |    39 |   172 |   303 |   130 |   138 ||   782
       Rpst.: Scimitar   |       |       |       |       |     7 |       |       |       |       ||     7
